 Dungeon Crawl Stone Soup version 0.20-a0-277-g7db01f4 (webtiles) character file.

27930 Duffy the Martial Artist (level 12, 81/81 HPs)
             Began as a Demigod Transmuter on Dec 13, 2016.
             Quit the game on level 2 of the Lair of Beasts.
             The game lasted 00:34:40 (14225 turns).

Duffy the Martial Artist (Demigod Transmuter)      Turns: 14225, Time: 00:34:42

Health: 81/81      AC:  9    Str: 17    XL:     12   Next: 72%
Magic:  22/22      EV: 18    Int: 17    God:
Gold:   1222       SH:  4    Dex: 25    Spells: 4/20 levels left

rFire  . . .     SeeInvis +       - Unarmed
rCold  . . .     Gourm    .     l - +0 ring mail
rNeg   . . .     Faith    .     (no shield)
rPois  .         Spirit   .     (helmet restricted)
rElec  +         Reflect  .     p - +0 cloak
rCorr  .         Harm     .     q - +2 pair of gloves
MR     ++...                    o - +2 pair of boots
Stlth  +.........               e - amulet of regeneration
                                S - ring of Lissu {*Contam rElec Dex+3 SInv}
                                c - ring of protection from magic

@: no status effects
A: antennae 1, talons 1, large bone plates 1, blink, blurry vision 1, deformed
body, frail 2, high mp 1, strong 1
a: Blink


You were on level 2 of the Lair of Beasts.
You were not hungry.

You visited 2 branches of the dungeon, and saw 13 of its levels.
You also visited: Ossuary.

You collected 1222 gold pieces.

Inventory:

Hand Weapons
 F - a +2 scimitar of flaming
 Y - a +5 blowgun
Missiles
 a - 150 arrows
 f - 2 throwing nets (quivered) {!f}
 Z - 9 curare-tipped needles
Armour
 l - a +0 ring mail (worn)
 o - a +2 pair of boots (worn)
 p - a +0 cloak (worn)
 q - a +2 pair of gloves (worn)
Jewellery
 b - an uncursed ring of fire
 c - a ring of protection from magic (left hand)
 e - an amulet of regeneration (around neck)
 P - the ring of Mosyffif {+Fly Int+3 SInv}
   (You found it on level 7 of the Dungeon)

   [ring of intelligence]

   It affects your intelligence (+3).
   It lets you see invisible.
   It lets you fly.
 S - the ring of Lissu (right hand) {*Contam rElec Dex+3 SInv}
   (You found it on level 9 of the Dungeon)

   [ring of see invisible]

   It affects your dexterity (+3).
   It insulates you from electricity.
   It lets you see invisible.
   It causes magical contamination when unequipped.
Wands
 v - a wand of paralysis (13/24)
 C - a wand of polymorph (15/24)
 J - a wand of acid (13/15)
 M - a wand of disintegration (10/24)
 X - a wand of teleportation (4/9)
Scrolls
 g - 5 scrolls of enchant armour
 j - 3 scrolls of blinking
 k - a scroll of recharging
 n - 7 scrolls of teleportation
 s - 6 scrolls of remove curse
 u - a scroll of immolation
 w - 3 scrolls of magic mapping
 y - 3 scrolls of fog
 O - 2 scrolls of fear
Potions
 r - 2 potions of invisibility
 t - 5 potions of curing
 x - 5 potions of flight
 z - a potion of might
 A - a potion of heal wounds
 B - 2 potions of cancellation
 G - 3 potions of haste
 H - a potion of magic
 L - a potion of agility
Miscellaneous
 E - a phantom mirror
 R - 2 boxes of beasts
 W - a lamp of fire
Comestibles
 d - 4 bread rations
 I - 2 slices of pizza
 N - 5 meat rations


   Skills:
 - Level 8.2 Fighting
 + Level 7.8 Dodging
 + Level 12.1 Unarmed Combat
 - Level 4.5 Spellcasting
 - Level 7.0 Transmutations
 - Level 4.0 Ice Magic
 - Level 2.4 Poison Magic
 - Level 7.5 Evocations


You had 4 spell levels left.
You knew the following spells:

 Your Spells              Type           Power        Failure   Level  Hunger
j - Ice Form              Ice/Tmut       ###.....     30%         4    ####...
l - Spider Form           Tmut/Pois      ###.......   14%         3    ###....
m - Repel Missiles        Chrm/Air       #.....       43%         2    ##.....
s - Sticks to Snakes      Tmut           ####....     2%          2    ##.....
y - Regeneration          Chrm/Necr      #.........   83%         3    ###....
B - Blink                 Tloc           N/A          43%         2    ##.....


Dungeon Overview and Level Annotations

Branches:
Dungeon (11/15)            Temple (0/1) D:6            Lair (2/6) D:9
    Orc (0/2) D:11
  Swamp: Lair:2-4    Shoals: Lair:2-4     Snake: Lair:2-4    Spider: Lair:2-4

Shops:
D:4 :   D:11 (

Annotations:
D:3 1 runed door
D:8 exclusion: 2 oklob plants


Innate Abilities, Weirdness & Mutations

You have an increased reservoir of magic. (+10% MP)
You have a pair of small antennae on your head.
You have sharp toenails.
You are partially covered in large bone plates. (SH +4)
You can translocate small distances at will.
Scrolls take you a little longer to read.
Armour fits poorly on your strangely shaped body.
You are very frail. (-20% HP)
Your muscles are strong. (Str +2)


Message History

You pummel the seven-headed hydra!! You freeze the seven-headed hydra.
The seven-headed hydra is almost dead.
The seven-headed hydra bites you! x2; The seven-headed hydra misses you.
The seven-headed hydra bites you.
The seven-headed hydra barely misses you.
The seven-headed hydra misses you.
The seven-headed hydra barely misses you.
You pummel the seven-headed hydra!! You freeze the seven-headed hydra.
You kill the seven-headed hydra!
Your transformation is almost over.
You warm up again.
Your +0 cloak unmelds from your body.
Your +2 pair of gloves unmelds from your body.
Your +2 pair of boots unmelds from your body.
Your +0 ring mail unmelds from your body.
Some of the chunks of flesh in your inventory have rotted away.
All of the chunks of flesh in your inventory have rotted away.
A rime drake comes into view.
A rime drake is nearby!
Are you sure you want to abandon this character and quit the game? (Confirm with "yes".)

########...P####...#
...........##.P...k#.##.
>.......................
..........)............
...#....P#....##.....##
.# #....##.....# .....
#....#.P...## ...# ##
#..........###...#.PP
........).....@.......
<.....................
..................P###
###..............##
#...............#
#...............#
#..............##
..............#
..............


You could see a rime drake (wandering).

Vanquished Creatures
  Erolcha (D:10)
  2 hydras
  Harold (D:10)
  Erica (D:9)
  A centaur warrior (D:9)
  Sonja (D:10)
  The ghost of TotoDurand the Bolt Thrower, a novice GrHu of Okawaru (D:9)
  2 hill giants
  Pikel (D:8)
  2 wolf spiders (D:10)
  A cyclops (shapeshifter) (D:9)
  An ugly thing (D:9)
  3 spiny frogs
  A gargoyle (D:10)
  2 freezing wraiths (D:10)
  5 komodo dragons
  A troll (D:10)
  Prince Ribbit (D:6)
  3 two-headed ogres
  A hippogriff (D:10)
  A wraith (D:10)
  6 yaks
  A wyvern (D:8)
  2 basilisks
  A hungry ghost (D:6)
  3 water moccasins
  3 porcupines
  8 orc warriors
  An ice beast (D:6)
  A phantom (D:7)
  5 sky beasts
  2 slaves (D:8)
  2 black bears
  6 ogres
  2 necrophages
  A centaur (D:6)
  2 crocodiles
  A big kobold (D:10)
  7 bullfrogs
  2 gnoll sergeants
  A wyvern zombie (D:8)
  A water moccasin zombie (D:8)
  12 scorpions
  6 killer bees
  16 wights
  4 howler monkeys
  4 crimson imps
  3 centaur zombies (Ossuary)
  2 quasits
  A bullfrog zombie (D:9)
  3 human zombies (Ossuary)
  2 orc priests (D:8)
  2 bullfrog skeletons
  5 hounds
  3 jellies
  6 orc wizards
  A centaur skeleton (D:10)
  3 iguanas
  10 worker ants
  A big kobold zombie (Ossuary)
  A hound zombie (D:9)
  A hound skeleton (D:4)
  3 mummies (Ossuary)
  A worker ant zombie (D:6)
  13 gnolls
  9 adders
  2 scorpion zombies (Ossuary)
  A shadow imp (D:9)
  An ooze (D:4)
  An adder zombie (D:7)
  An adder skeleton (D:6)
  4 worms
  A dart slug (D:2)
  A leopard gecko (D:4)
  34 orcs
  7 giant cockroaches
  2 gnoll zombies (Ossuary)
  8 goblins
  9 hobgoblins
  3 jackals (D:4)
  8 kobolds
  7 quokkas
  2 ball pythons
  4 bats
  3 frilled lizards
  4 goblin zombies (Ossuary)
  A jackal skeleton (D:4)
  A kobold zombie (Ossuary)
  2 orc zombies (Ossuary)
  9 rats
319 creatures vanquished.

Vanquished Creatures (others)
  A scorpion (Ossuary)
  A goblin zombie (Ossuary)
  A fungus (D:9)
3 creatures vanquished.

Grand Total: 322 creatures vanquished

Notes
Turn   | Place    | Note
-------+----------+-------------------------------------------
     0 | D:1      | Duffy the Demigod Transmuter began the quest for the Orb.
     0 | D:1      | Reached XP level 1. HP: 15/15 MP: 5/5
   380 | D:1      | Reached skill level 2 in Transmutations
   403 | D:1      | Reached skill level 3 in Unarmed Combat
   566 | D:1      | Reached XP level 2. HP: 22/22 MP: 7/7
   576 | D:1      | Learned a level 2 spell: Sticks to Snakes
   817 | D:1      | Reached skill level 2 in Spellcasting
  1181 | D:2      | Reached XP level 3. HP: 27/27 MP: 8/8
  1206 | D:2      | Learned a level 3 spell: Spider Form
  1504 | D:2      | Found a shattered altar of Ashenzari.
  1691 | D:2      | Found a bloodstained altar of Trog.
  1691 | D:2      | Found a white marble altar of Elyvilon.
  1693 | D:2      | Found a sparkling altar of Nemelex Xobeh.
  1718 | D:2      | Reached skill level 4 in Unarmed Combat
  1718 | D:2      | Reached skill level 1 in Poison Magic
  1757 | D:3      | Found a shadowy altar of Dithmenos.
  1826 | D:3      | Reached XP level 4. HP: 34/34 MP: 9/9
  1887 | D:3      | Found a runed door.
  1913 | D:3      | Noticed an ogre
  2764 | D:3      | Killed an ogre
  2764 | D:3      | Reached skill level 2 in Poison Magic
  2764 | D:3      | Reached XP level 5. HP: 32/39 MP: 7/10
  3056 | D:4      | Reached skill level 5 in Unarmed Combat
  3165 | D:4      | Reached XP level 6. HP: 38/46 MP: 7/11
  3220 | D:4      | Reached skill level 2 in Dodging
  3393 | D:4      | Found Lahuff's Book Shop.
  3968 | D:5      | Entered Level 5 of the Dungeon
  4134 | D:5      | Reached skill level 3 in Dodging
  4286 | D:5      | Found a shimmering altar of Xom.
  4298 | D:5      | Reached skill level 6 in Unarmed Combat
  4298 | D:5      | Reached XP level 7. HP: 51/51 MP: 9/13
  4352 | D:5      | Found a stormy altar of Qazlal.
  4354 | D:5      | Noticed an air elemental
  4354 | D:5      | Noticed a water elemental
  4354 | D:5      | Noticed a fire elemental
  4833 | D:5      | Reached skill level 4 in Dodging
  5094 | D:6      | Noticed Prince Ribbit
  5123 | D:6      | Killed Prince Ribbit
  5123 | D:6      | Reached skill level 7 in Unarmed Combat
  5175 | D:6      | Reached skill level 5 in Dodging
  5175 | D:6      | Reached XP level 8. HP: 43/58 MP: 14/14
  5282 | D:6      | Found a staircase to the Ecumenical Temple.
  5346 | D:6      | Found a sand-covered staircase.
  5360 | Ossuary  | Entered an ossuary
  5495 | Ossuary  | Reached skill level 6 in Dodging
  5545 | Ossuary  | Reached skill level 1 in Fighting
  5654 | Ossuary  | Reached skill level 8 in Unarmed Combat
  5689 | Ossuary  | Reached skill level 2 in Fighting
  6207 | D:6      | Learned a level 2 spell: Blink
  6210 | D:6      | Learned a level 2 spell: Repel Missiles
  6435 | D:6      | Reached skill level 3 in Fighting
  6511 | D:6      | Reached XP level 9. HP: 69/70 MP: 15/15
  6673 | D:7      | Reached skill level 4 in Fighting
  6673 | D:7      | Reached skill level 9 in Unarmed Combat
  6874 | D:7      | Gained mutation: You can translocate small distances at will. [mutagenic meat]
  6875 | D:7      | Gained mutation: You are partially covered in large bone plates. (SH +4) [mutagenic meat]
  6876 | D:7      | Gained mutation: Scrolls take you a little longer to read. [mutagenic meat]
  6877 | D:7      | Gained mutation: You are frail. (-10% HP) [mutagenic meat]
  6878 | D:7      | Gained mutation: You are very frail. (-20% HP) [mutagenic meat]
  7039 | D:7      | Got a vibrating marble ring
  7040 | D:7      | Identified the ring of Mosyffif {+Fly Int+3 SInv} (You found it on level 7 of the Dungeon)
  7079 | D:7      | Found a glowing silver altar of Zin.
  7088 | D:7      | Found a basalt altar of Yredelemnul.
  7203 | D:8      | Noticed a komodo dragon
  7216 | D:8      | Killed a komodo dragon
  7216 | D:8      | Reached skill level 5 in Fighting
  7515 | D:8      | Found a blossoming altar of Fedhas.
  7517 | D:8      | Noticed an oklob plant
  7517 | D:8      | Noticed an oklob plant
  7580 | D:8      | Found a hazy altar of Hepliaklqana.
  7608 | D:8      | Gained mutation: Your muscles are strong. (Str +2) [potion of mutation]
  7608 | D:8      | Gained mutation: You have a pair of small antennae on your head. [potion of mutation]
  7608 | D:8      | Gained mutation: You have sharp toenails. [potion of mutation]
  7819 | D:8      | Noticed Pikel
  7855 | D:8      | Killed Pikel
  7855 | D:8      | Reached skill level 6 in Fighting
  7855 | D:8      | Reached skill level 10 in Unarmed Combat
  8269 | D:8      | Found a burning altar of Makhleb.
  8271 | D:8      | Reached XP level 10. HP: 57/67 MP: 16/16
  8822 | D:9      | Noticed a four-headed hydra
  8893 | D:9      | Noticed TotoDurand's ghost (novice GrHu)
  8970 | D:9      | Noticed Erica
  8988 | D:9      | Killed Erica
  8988 | D:9      | Reached skill level 7 in Fighting
  9077 | D:9      | Got a transparent wooden ring
  9090 | D:8      | Identified the ring of Lissu {*Contam rElec Dex+3 SInv} (You found it on level 9 of the Dungeon)
  9109 | D:9      | Killed a one-headed hydra
  9109 | D:9      | Reached skill level 11 in Unarmed Combat
  9191 | D:8      | HP: 3/70 [orc warrior/glaive (17)]
  9326 | D:9      | Noticed a cyclops
  9335 | D:9      | Killed a cyclops
  9335 | D:9      | Reached skill level 8 in Fighting
  9386 | D:9      | Reached skill level 4 in Spellcasting
  9386 | D:9      | Reached skill level 7 in Transmutations
  9386 | D:9      | Reached XP level 11. HP: 75/75 MP: 16/21
  9421 | D:9      | Learned a level 4 spell: Ice Form
  9456 | D:9      | Noticed a centaur warrior
  9460 | D:9      | You fall through a shaft for 2 floors!
  9496 | D:11     | Found Zisayjats's Weapon Shop.
  9532 | D:11     | Noticed a hill giant
  9544 | D:11     | Killed a hill giant
  9544 | D:11     | Reached skill level 2 in Ice Magic
  9728 | D:11     | Found a staircase to the Orcish Mines.
  9738 | D:10     | Entered Level 10 of the Dungeon
  9917 | D:9      | Killed a centaur warrior
  9917 | D:9      | Reached skill level 3 in Ice Magic
  9917 | D:9      | Reached skill level 1 in Evocations
 10006 | D:9      | Reached skill level 2 in Evocations
 10097 | D:9      | Killed TotoDurand's ghost
 10214 | D:9      | Found a staircase to the Lair.
 10255 | D:9      | Reached skill level 4 in Ice Magic
 10255 | D:9      | Reached skill level 3 in Evocations
 10687 | D:9      | Reached skill level 4 in Evocations
 10931 | D:10     | Noticed Erolcha
 10951 | D:10     | Killed Erolcha
 10951 | D:10     | Reached skill level 5 in Evocations
 10951 | D:10     | Reached XP level 12. HP: 70/81 MP: 19/22
 11019 | D:10     | Found a radiant altar of Vehumet.
 11229 | D:10     | Noticed Sonja
 11241 | D:10     | Killed Sonja
 11241 | D:10     | Reached skill level 6 in Evocations
 11336 | D:10     | Gained mutation: Armour fits poorly on your strangely shaped body. [mutagenic meat]
 11597 | D:10     | Noticed Harold
 11643 | D:10     | Killed Harold
 11643 | D:10     | Reached skill level 7 in Evocations
 12165 | D:10     | Learned a level 3 spell: Recall
 12182 | D:10     | Learned a level 3 spell: Regeneration
 12721 | D:10     | Identified the Volume of the Ancient Lives
 12759 | D:10     | Got a slimy leather armour
 12770 | D:10     | Identified the +3 leather armour of Somewhere Else {-Cast +Fly Int+2 SInv} (You found it on level 10 of the Dungeon)
 12853 | Lair:1   | Entered Level 1 of the Lair of Beasts
 12863 | Lair:1   | Reached skill level 7 in Dodging
 13904 | Lair:2   | Reached skill level 12 in Unarmed Combat
 14088 | Lair:2   | Noticed a seven-headed hydra
 14098 | Lair:2   | Killed a seven-headed hydra
 14225 | Lair:2   | Quit the game

Vault maps used:
D:1:      lightli_arrival_statue_moat
D:2:      lemuel_doored_altar, nicolae_overflow_hidden_temple, minmay_domino_2
D:3:      lemuel_crystal_altar, first_bread, uniq_crazy_yiuf_cottage
D:4:      serial_shops, nicolae_shop_behind_doors
D:5:      overflow_temple_1_default, minmay_misc_feat_nine_boxes,
          nicolae_qazlal_style_of_elements
D:6:      lemuel_ice_spiral_2, lightli_ossuary_entry_decrepit_ruins,
          uniq_prince_ribbit1
D:7:      chequers_temple_overflow_statue_of_worship
D:8:      cheibrodos_elevator_heist, overflow_temple_1_default,
          hangedman_tree_tricks, bloody_makhleb, uniq_pikel
D:9:      minmay_cut_squares, grunt_lair_entry_orc_guard_hut, uniq_erica
D:10:     minmay_bloctagon, basic_altar, minivault_12, uniq_sonja, uniq_erolcha,
          uniq_harold
D:11:     orc_0_dummy, serial_shops, nicolae_shop_crystal, david_nohive_1,
          kennysheep_crisscross
Lair:2:   dragon1_lemuel
Ossuary:  ossuary_minmay_scorpions

Skill      XL: |  1  2  3  4  5  6  7  8  9 10 11 12 |
---------------+-------------------------------------+-----
Transmutations | 2 7 |  7.0
Unarmed Combat | 3 4 5 6 7 8 10 11 12 | 12.1
Spellcasting   | 2 4 |  4.5
Poison Magic   | 1 2 |  2.4
Dodging        | 3 5 6 7 |  7.8
Fighting       | 3 6 8 |  8.2
Ice Magic      | 4 |  4.0
Evocations     | 5 7 |  7.5

Action                   |  1- 3 |  4- 6 |  7- 9 | 10-12 || total
-------------------------+-------+-------+-------+-------++-------
Melee: Unarmed           |   190 |   173 |   517 |   555 ||  1435
       Punch             |     3 |     3 |    19 |    29 ||    54
       Scimitar          |       |       |       |     6 ||     6
 Cast: Sticks to Snakes  |     6 |     1 |       |       ||     7
       Spider Form       |       |     8 |    15 |    12 ||    35
       Repel Missiles    |       |       |     1 |     1 ||     2
       Ice Form          |       |       |       |    16 ||    16
 Abil: End Transformatio |       |       |     1 |     7 ||     8
Evoke: Wand              |       |       |     1 |     3 ||     4
  Use: Scroll            |     4 |     6 |    12 |    16 ||    38
       Potion            |       |       |     2 |     7 ||     9
 Stab: Sleeping          |     1 |     1 |     3 |     2 ||     7
       Distracted        |     3 |       |       |       ||     3
       Paralysed         |       |       |       |     1 ||     1
  Eat: Chunk             |     3 |     9 |    13 |    19 ||    44
       Bread ration      |       |       |     2 |     1 ||     3
       Fruit             |       |       |     1 |     2 ||     3
       Meat ration       |       |       |     1 |       ||     1
Armor: Robe              |     4 |       |       |       ||     4
       Ring mail         |    51 |    22 |       |    64 ||   137
       Leather armour    |       |    29 |    81 |     7 ||   117
       Skin              |       |     1 |     2 |    72 ||    75
Dodge: Dodged            |   109 |    89 |   264 |   353 ||   815
       Deflected         |       |       |       |     4 ||     4
Block: Other             |       |       |     8 |    52 ||    60
       Rpst.: Scimitar   |       |       |       |     1 ||     1
